 Dungeon Crawl Stone Soup version 0.30-a0-777-ga9a30cbeda (webtiles) character file.

Game seed: 9127947130868471172

290 arthad the Carver (level 6, -6/51 HPs)
             Began as a Gnoll Wanderer on Feb 14, 2023.
             Was an Initiate of Gozag.
             Mangled by Menkaure (21 damage)
             ... on level 4 of the Dungeon.
             The game lasted 00:05:53 (2855 turns).

arthad the Carver (Gnoll Wanderer)                  Turns: 2855, Time: 00:05:53

Health: -6/51      AC:  6    Str: 17    XL:     6   Next: 32%
Magic:  9/9        EV: 10    Int:  9    God:    Gozag
Gold:   29         SH:  0    Dex: 10    Spells: 9/9 levels left

rFire   . . .      SeeInvis .    a - +2 falchion
rCold   . . .      Faith    .    (no shield)
rNeg    . . .      Spirit   .    c - +0 scale mail
rPois   .          Reflect  .    (no helmet)
rElec   .          Harm     .    (no cloak)
rCorr   .          Rampage  .    (no gloves)
Will    .....                    (no boots)
Stlth   +                        (no amulet)
HPRegen 0.28/turn                (no ring)
MPRegen 0.11/turn                (no ring)

@: no status effects
A: fangs 1, strong nose, distributed training
a: Renounce Religion, Potion Petition, Call Merchant, Bribe Branch


You were on level 4 of the Dungeon.
You worshipped Gozag.
Gozag was noncommittal.
You visited 2 branches of the dungeon, and saw 5 of its levels.

You collected 158 gold pieces.
You spent 78 gold pieces at shops.
You paid 51 gold pieces to Gozag.

Inventory:

Hand Weapons
 a - a +2 falchion (weapon)
 b - a +0 sling
 r - a +1 short sword of venom
Missiles
 j - 14 poisoned darts (quivered)
Armour
 c - a +0 scale mail (worn)
 t - a +2 robe of cold resistance
Magical Staves
 h - a staff of cold
 m - a staff of earth
Wands
 x - a wand of digging (7)
Scrolls
 i - 3 scrolls of identify {unknown}
 l - 2 scrolls of poison {unknown}
 o - 3 scrolls of magic mapping {unknown}
 p - 2 scrolls of blinking {unknown}
 q - a scroll of amnesia {unknown}
 s - 3 scrolls of fear {unknown}
 u - a scroll of torment {unknown}
 w - a scroll of enchant weapon {unknown}
 y - a scroll of silence {unknown}
Potions
 d - a potion of brilliance {unknown}
 e - a potion of attraction {unknown}
 f - a potion of invisibility {unknown}
 g - 4 potions of curing {unknown}
 k - 2 potions of flight {unknown}
 n - a potion of haste {unknown}
 v - a potion of ambrosia {unknown}


   Skills:
 + Level 5.0 Fighting
 + Level 2.0 Short Blades
 + Level 8.7 Long Blades
 + Level 2.0 Axes
 + Level 2.0 Maces & Flails
 + Level 2.0 Polearms
 + Level 2.0 Staves
 + Level 3.2 Ranged Weapons
 + Level 2.0 Throwing
 + Level 3.2 Armour
 + Level 2.0 Dodging
 + Level 3.1 Stealth
 + Level 2.0 Shields
 + Level 2.0 Unarmed Combat
 + Level 2.0 Spellcasting
 + Level 1.5 Conjurations
 + Level 1.5 Hexes
 + Level 1.5 Summonings
 + Level 1.5 Necromancy
 + Level 1.5 Translocations
 + Level 1.5 Transmutations
 + Level 1.5 Fire Magic
 + Level 1.5 Ice Magic
 + Level 1.5 Air Magic
 + Level 1.5 Earth Magic
 + Level 1.5 Poison Magic
 + Level 2.2 Invocations
 + Level 3.2 Evocations


You had 9 spell levels left.
You didn't know any spells.
Your spell library contained the following spells:

 Spells                   Type           Power      Damage    Failure   Level
 Beastly Appendage        Tmut           6%         N/A       50%         1
 Freeze                   Ice            12%        1d3       50%         1
 Magic Dart               Conj           12%        1d3       50%         1
 Searing Ray              Conj           6%         2d4       65%         2
 Wereblood                Tmut           3%         N/A       65%         2
 Frozen Ramparts          Ice            6%         1d1       86%         3
 Hailstorm                Conj/Ice       3%         3d3       86%         3
 Spider Form              Tmut/Pois      3%         N/A       86%         3
 Fulminant Prism          Conj/Hex       1%         3d5       99%         4
 Passage of Golubria      Tloc           3%         N/A       99%         4
 Silence                  Hex/Air        1%         N/A       100%        5
 Haunt                    Necr/Summ      1%         N/A       100%        7
 Infestation              Necr           1%         N/A       100%        8
 Lehudib's Crystal Spear  Conj/Erth      1%         10d2      100%        8
 Animate Dead             Necr           Unusable   N/A       N/A         4

Dungeon Overview and Level Annotations

Branches:
Dungeon (4/15)             Temple (1/1) D:4

Altars:
Ashenzari
Cheibriados
Dithmenos
Fedhas
Gozag
Hepliaklqana
Kikubaaqudgha
Makhleb
Nemelex Xobeh
Okawaru
Qazlal
Ru
Sif Muna
Trog
Uskayaw
Wu Jian
Xom
Yredelemnul
Zin
The Shining One

Shops:
D:2 *   D:3 *

Annotations:
D:4 Menkaure


Innate Abilities, Weirdness & Mutations

You have very sharp teeth.
Your uncanny sense of smell can sniff out nearby items.
Your experience applies equally to all skills.


Message History

Magic restored.
HP restored.
You now have 14 gold pieces (gained 8).
Found 4 stones.
No target in view!
No target in view!
Found a ring mail.
No target in view!
Found a war axe.
No target in view!
l - 2 scrolls labelled AZIOSI IHAOS (gained 1)
Found a ring mail.
You now have 29 gold pieces (gained 15).
You see here a +0 ring mail.
d - an emerald potion You see here a +0 ring mail.
Found an escape hatch in the floor.
y - a scroll labelled KAGUSHONITH Menkaure, Prince of Dust comes into view.
Found a chain mail.
Menkaure shouts!
Menkaure is nearby!
Okay, then.
Found a stone staircase leading down.
Menkaure closely misses you.
You see here a +0 chain mail.
You hit Menkaure. You bite Menkaure, but do no damage.
Menkaure is lightly damaged.
Menkaure calls on the powers of darkness!
Your body is wracked with pain!
You hit Menkaure. Your bite misses Menkaure.
Menkaure is moderately damaged.
Menkaure breathes soot at you. Menkaure hits you!
* * * LOW HITPOINT WARNING * * *
You hit Menkaure but do no damage.
Menkaure is moderately damaged.
Menkaure hits you!!
You die...
Your body crumbles into a pile of gold.

#.#.[..(.....#.##..b###.....#...#
#.##.#.#######.##.b..##..>..#...#
#.)....# #.###...##....##...#
####.#########.###...##.#####...#
###.###.....#..........#####...#
#...........#######.#...........
#.#.##..........# #.............
#.#.##......###.# #.#...........
. ..##..>...# #@# #.########.).#
#..####.###### #M# #.# #......
#.. #.# ... ..# #...... #. ..#
#......# #...... #. ### #...#.
###...# .>.##.# #.... ##.# #
##.<.# #.. ##..... #......


You could see Menkaure.

Vanquished Creatures
  An ogre (D:4)
  A hound (D:4)
  An orc priest (D:3)
  An iguana (D:4)
  4 adders
  2 worms (D:2)
  2 dart slugs
  5 orcs (D:3)
  4 endoplasms (D:1)
  A giant cockroach (D:1)
  7 goblins
  4 hobgoblins
  10 jackals
  3 quokkas
  4 ball pythons
  6 bats
  2 frilled lizards
  8 kobolds
  2 rats (D:1)
68 creatures vanquished.

Notes
Turn   | Place    | Note
-------+----------+-------------------------------------------
     0 | D:1      | arthad the Gnoll Wanderer began the quest for the Orb.
     0 | D:1      | arthad set off with the following items: a +2 falchion, a
                  | +0 sling, a +0 scale mail, a potion of berserk rage.
     0 | D:1      | Reached XP level 1. HP: 20/20 MP: 1/1
   123 | D:1      | Reached XP level 2. HP: 24/26 MP: 2/2
   247 | D:1      | Reached XP level 3. HP: 21/31 MP: 3/3
   636 | D:2      | Reached skill level 1 in Invocations
   796 | D:2      | Reached skill level 1 in Short Blades
   796 | D:2      | Reached skill level 1 in Axes
   796 | D:2      | Reached skill level 1 in Maces & Flails
   796 | D:2      | Reached skill level 1 in Polearms
   796 | D:2      | Reached skill level 1 in Staves
   796 | D:2      | Reached skill level 1 in Throwing
   796 | D:2      | Reached skill level 1 in Dodging
   796 | D:2      | Reached skill level 1 in Shields
   796 | D:2      | Reached skill level 1 in Unarmed Combat
   796 | D:2      | Reached skill level 1 in Spellcasting
   808 | D:2      | Found Kuso's Assorted Antiques.
   831 | D:2      | Bought a scroll labelled WYNOGR MANI for 20 gold pieces
   831 | D:2      | Bought a grey potion for 18 gold pieces
   875 | D:2      | Reached XP level 4. HP: 38/38 MP: 5/5
  1268 | D:2      | Bought a scroll labelled PATWOI WINE for 20 gold pieces
  1268 | D:2      | Bought a scroll labelled FYAR ROTIZ for 20 gold pieces
  1350 | D:3      | Found Dipiojuf's Assorted Antiques.
  1384 | D:3      | Reached skill level 1 in Conjurations
  1384 | D:3      | Reached skill level 1 in Hexes
  1384 | D:3      | Reached skill level 1 in Summonings
  1384 | D:3      | Reached skill level 1 in Necromancy
  1384 | D:3      | Reached skill level 1 in Translocations
  1384 | D:3      | Reached skill level 1 in Transmutations
  1384 | D:3      | Reached skill level 1 in Fire Magic
  1384 | D:3      | Reached skill level 1 in Ice Magic
  1384 | D:3      | Reached skill level 1 in Air Magic
  1384 | D:3      | Reached skill level 1 in Earth Magic
  1384 | D:3      | Reached skill level 1 in Poison Magic
  1928 | D:3      | Reached XP level 5. HP: 23/43 MP: 5/7
  2413 | D:4      | Found a staircase to the Ecumenical Temple.
  2428 | Temple   | Entered the Ecumenical Temple
  2641 | D:4      | Noticed an ogre
  2650 | D:4      | Killed an ogre
  2651 | D:4      | Reached skill level 5 in Fighting
  2651 | D:4      | Reached XP level 6. HP: 44/51 MP: 8/8
  2742 | Temple   | Became a worshipper of Gozag Ym Sagoz the Greedy
  2850 | D:4      | Noticed Menkaure
  2855 | D:4      | Mangled by Menkaure

Illustrated notes

Levels and vault maps discovered:
D:1:      lemuel_arrival_tunnels, layout_rooms, minmay_misc_feat_plants,
          st_stairs_8, minmay_stone_trees_small, minmay_misc_feat_columns,
          minivault_23
D:2:      layout_loops_ring, serial_shops, shop, kennysheep_doodads,
          minmay_misc_feat_diagonals
D:3:      layout_basic, serial_shops, nicolae_shop_advertising_works
          [nicolae_subvault_shop_adworks], kennysheep_decorative_pillar
D:4:      layout_loops_cross, minmay_temple_entry_butterflies,
          kennysheep_another_room, uniq_grinder, uniq_menkaure
Temple:   nicolae_temple_bog_church

Skill      XL: |  1  2  3  4  5  6 |
---------------+-------------------+-----
Invocations    | 1 2 |  2.2
Short Blades   | 1 2 |  2.0
Axes           | 1 2 |  2.0
Maces & Flails | 1 2 |  2.0
Polearms       | 1 2 |  2.0
Staves         | 1 2 |  2.0
Throwing       | 1 2 |  2.0
Dodging        | 1 2 |  2.0
Shields        | 1 2 |  2.0
Unarmed Combat | 1 2 |  2.0
Spellcasting   | 1 2 |  2.0
Conjurations   | 1 |  1.5
Hexes          | 1 |  1.5
Summonings     | 1 |  1.5
Necromancy     | 1 |  1.5
Translocations | 1 |  1.5
Transmutations | 1 |  1.5
Fire Magic     | 1 |  1.5
Ice Magic      | 1 |  1.5
Air Magic      | 1 |  1.5
Earth Magic    | 1 |  1.5
Poison Magic   | 1 |  1.5
Ranged Weapons | 3 |  3.2
Armour         | 3 |  3.2
Evocations     | 3 |  3.2
Fighting       | 5 |  5.0
Stealth        | 3 |  3.1
Long Blades    | |  8.7

Action                     |  1- 3 |  4- 6 || total
---------------------------+-------+-------++-------
  Melee: Falchion          |   116 |    82 ||   198
         Bite              |     9 |     8 ||    17
         Punch             |     1 |       ||     1
  Throw: Dart              |       |     5 ||     5
    Use: Potion            |       |     1 ||     1
 Armour: Scale mail        |    47 |    23 ||    70
  Dodge: Dodged            |    59 |    28 ||    87

Table legend: (Time is in decaauts)
 A = Elapsed time spent in this place.
 B = Non-inter-level travel time spent in this place.
 C = Inter-level travel time spent in this place.
 D = Time resting spent in this place.
 E = Time spent auto-exploring this place.
 F = Levels seen in this place.
 G = Mean time per level.
                   A        B        C        D        E       F      G
               +--------+--------+--------+--------+--------+-----+--------+
         Total |   2851 |   2685 |    166 |     75 |   2171 |   5 |  570.2 |
       Dungeon |   2616 |   2480 |    136 |     75 |   2005 |   4 |  654.0 |
        Temple |    234 |    204 |     30 |      0 |    166 |   1 |  234.0 |
               +--------+--------+--------+--------+--------+-----+--------+

Top non-repeatable levels by time:
     D:3: 1051 daAuts
     D:2: 650 daAuts
     D:1: 613 daAuts
     D:4: 301 daAuts
  Temple: 234 daAuts
